 Dungeon Crawl Stone Soup version 0.29-a0-653-gd47aff6735 (webtiles) character file.

Game seed: 13250745113484992039

38 ytrimaz the Chopper (level 3, -2/29 HPs)
             Began as a Demonspawn Berserker on June 21, 2022.
             Was a Follower of Trog.
             Slain by a gnoll
             ... wielding a +0 spear
              (5 damage)
             ... on level 2 of the Dungeon.
             The game lasted 00:02:09 (1731 turns).

ytrimaz the Chopper (Demonspawn Berserker)          Turns: 1731, Time: 00:02:10

Health: -2/29      AC:  3    Str: 19    XL:     3   Next: 25%
Magic:  3/3        EV: 12    Int:  8    God:    Trog [*.....]
Gold:   115        SH:  0    Dex: 18    Spells: 2/2 levels left

rFire   . . .      SeeInvis .   a - +0 hand axe
rCold   . . .      Faith    .   (no shield)
rNeg    . . .      Spirit   .   b - +1 animal skin
rPois   .          Reflect  .   (no helmet)
rElec   .          Harm     .   (no cloak)
rCorr   .          Rampage  .   (no gloves)
Will    .....                   (no boots)
Stlth   ++........              (no amulet)
HPRegen 0.09/turn               d - +6 ring of dexterity
MPRegen 0.16/turn               (no ring)

@: on berserk cooldown, slowed, very slow
A: claws 1, magic regeneration
a: Renounce Religion, Berserk


You were on level 2 of the Dungeon.
You worshipped Trog.
Trog was aware of your devotion.
You visited 1 branch of the dungeon, and saw 2 of its levels.

You collected 115 gold pieces.

Inventory:

Hand Weapons
 a - a +0 hand axe (weapon)
Armour
 b - a +1 animal skin (worn)
 e - a +0 tower shield
Jewellery
 d - a +6 ring of dexterity (left claw)
Scrolls
 h - a scroll of summoning
Potions
 c - a potion of berserk rage
 g - a potion of brilliance {unknown}


   Skills:
 - Level 3.0 Fighting
 + Level 0.1 Short Blades
 - Level 3.8 Axes
 - Level 1.7 Armour
 - Level 1.7 Dodging
 + Level 0.1 Invocations


You had 2 spell levels left.
You didn't know any spells.
Your spell library was empty.

Dungeon Overview and Level Annotations

Branches:
Dungeon (2/15)

Altars:

Shops:
D:1 [


Innate Abilities, Weirdness & Mutations

You have sharp fingernails.
You regenerate magic rapidly.


Message History

A gnoll comes into view. It is wielding a +0 spear.
The giant cockroach bites you but does no damage.
The giant cockroach attacks as you move away!
The giant cockroach barely misses you. The hobgoblin attacks as you move away!
The hobgoblin closely misses you.
The hobgoblin hits you but does no damage.
The dart slug briefly extends its eye-stalks.
The hobgoblin hits you but does no damage.
The hobgoblin attacks as you move away! The hobgoblin barely misses you.
The hobgoblin hits you but does no damage.
The hobgoblin attacks as you move away! The hobgoblin misses you.
The hobgoblin completely misses you. The hobgoblin hits you.
The hobgoblin barely misses you. The hobgoblin misses you.
The hobgoblin attacks as you move away! The hobgoblin hits you.
The hobgoblin hits you.
You see here a +0 club.
The hobgoblin attacks as you move away! The hobgoblin barely misses you.
The hobgoblin hits you.
The giant cockroach attacks as you move away!
The giant cockroach bites you but does no damage.
You see here a ball python corpse.
The hobgoblin attacks as you move away! The hobgoblin barely misses you.
The giant cockroach attacks as you move away!
The giant cockroach closely misses you. The giant cockroach barely misses you.
The hobgoblin misses you.
The giant cockroach attacks as you move away!
The giant cockroach barely misses you. The giant cockroach closely misses you.
The hobgoblin barely misses you. The giant cockroach bites you.
The giant cockroach attacks as you move away!
The giant cockroach barely misses you. The giant cockroach bites you.
There is a stone staircase leading up here.
The gnoll hits you from afar with a +0 halberd.
The hobgoblin hits you. The giant cockroach bites you. The hobgoblin hits you.
* * * LOW HITPOINT WARNING * * *
The gnoll hits you from afar with a +0 halberd.
* * * LOW HITPOINT WARNING * * *
The gnoll hits you from afar with a +0 spear.
You die...

#........# #.# #.##
#.##.....####.## #..#
#..#........# ##.#
#....#.###..# #.#
#.##.#.# #..#### #.#
#.##.#.###....<# #.#
#.[..[..##..##.####.#
#..#.#....gg........#
#....)w.†.gB@.).....#
##.###.#.##.##.###.##
#.# ###.##.##.# #.#
#g# #.##.##.###.# #g#
#.##.##.....# #.#
#.##.#####..# #w#
#.##.# #..# #####.#
#.##.# #..# #.....#
#....# #..#


You could see 2 gnolls, a dart slug, a giant cockroach and a hobgoblin.

Vanquished Creatures
  A gnoll (D:2)
  A dart slug (D:1)
  2 ball pythons (D:2)
  3 endoplasms (D:1)
  2 giant cockroaches (D:1)
  2 goblins (D:1)
  3 hobgoblins
  A quokka (D:1)
  3 bats (D:1)
  A frilled lizard (D:1)
  3 kobolds (D:1)
  2 rats (D:1)
24 creatures vanquished.

Notes
Turn   | Place    | Note
-------+----------+-------------------------------------------
     0 | D:1      | ytrimaz the Demonspawn Berserker began the quest for the
                  | Orb.
     0 | D:1      | Reached XP level 1. HP: 18/18 MP: 1/1
   244 | D:1      | Gained mutation: You regenerate magic rapidly. [demonic
                  | ancestry]
   244 | D:1      | Reached XP level 2. HP: 18/24 MP: 2/2
  1249 | D:1      | Found Tatuymie's Antique Armour Emporium.
  1632 | D:2      | Gained mutation: You have sharp fingernails. [demonic
                  | ancestry]
  1632 | D:2      | Reached XP level 3. HP: 25/29 MP: 3/3
  1731 | D:2      | Slain by a gnoll

Illustrated notes

Levels and vault maps discovered:
D:1:      amcnicky_arrival_underground_garden, layout_loops_ring, serial_shops,
          shop_coins
D:2:      layout_loops_ring, basic_altar, minivault_27,
          dilly_guarded_unrand_morg

Skill      XL: |  1 |
---------------+----+-----
Axes           | 3 |  3.8
Fighting       | |  3.0
Short Blades   | |  0.1
Armour         | |  1.7
Dodging        | |  1.7
Invocations    | |  0.1

Action                   || total
-------------------------++-------
Melee: Hand axe          ||    78
Invok: Berserk           ||     2
  Use: Scroll            ||     5
 Stab: Sleeping          ||     1
Armor: Animal skin       ||    36
Dodge: Dodged            ||    79

Table legend: (Time is in decaauts)
 A = Elapsed time spent in this place.
 B = Non-inter-level travel time spent in this place.
 C = Inter-level travel time spent in this place.
 D = Time resting spent in this place.
 E = Time spent auto-exploring this place.
 F = Levels seen in this place.
 G = Mean time per level.
                   A        B        C        D        E       F      G
               +--------+--------+--------+--------+--------+-----+--------+
         Total |   1762 |   1744 |     18 |     99 |   1332 |   2 |  881.0 |
       Dungeon |   1762 |   1744 |     18 |     99 |   1332 |   2 |  881.0 |
               +--------+--------+--------+--------+--------+-----+--------+

Top non-repeatable levels by time:
     D:1: 1489 daAuts
     D:2: 273 daAuts
